 Dungeon Crawl Stone Soup version 0.31.0-12-g77e489cdc1 (webtiles) character file.

Game seed: 10397835689224892685

162 Doomgape the Trooper (level 5, 0/34 HPs)
             Began as a Gargoyle Fighter on Mar 1, 2024.
             Killed by divine providence
             ... invoked by an orc priest
              (10 damage)
             ... on level 3 of the Dungeon.
             The game lasted 00:04:27 (2271 turns).

Doomgape the Trooper (Gargoyle Fighter)             Turns: 2271, Time: 00:04:28

Health: 0/34       AC: 14    Str: 22    XL:     5   Next: 43%
Magic:  5/5        EV:  9    Int:  8    God:
Gold:   115        SH:  4    Dex:  9    Spells: 4/4 levels left

rFire   x . .        a - +0 flail
rCold   + + .        c - +0 buckler
rNeg    + . .        o - +0 ice dragon scales
rPois   ∞            (no helmet)
rElec   +            (no cloak)
rCorr   .            (no gloves)
SInv    .            (no boots)
Will    .....        (no amulet) Stlth
                     (no ring)
HPRegen 0.25/turn    (no ring)
MPRegen 0.09/turn

%: no passive effects
@: no status effects
A: sickness immunity, AC +4, negative energy resistance 1, electricity
resistance, torment resistance 1, petrification resistance
a: no special abilities


You were on level 3 of the Dungeon.
You visited 1 branch of the dungeon, and saw 3 of its levels.

You collected 115 gold pieces.

Inventory:

Hand Weapons
 a - a +0 flail (weapon)
Armour
 c - a +0 buckler (worn)
 o - +0 ice dragon scales (worn)
Scrolls
 b - a scroll of enchant armour {unknown}
 g - a scroll of enchant weapon
 h - a scroll of amnesia
 k - 2 scrolls of identify
 l - a scroll of teleportation
Potions
 d - a potion of might
 e - 2 potions of mutation {unknown}
 f - a potion of brilliance {unknown}
 i - a potion of heal wounds {unknown}
 j - a potion of curing {unknown}
 n - a potion of lignification {unknown}


   Skills:
 + Level 4.6 Fighting
 + Level 3.4 Maces & Flails
 + Level 4.5 Armour
 - Level 3.2 Shields


You had 4 spell levels left.
You didn't know any spells.
Your spell library was empty.

Dungeon Overview and Level Annotations

Branches:
Dungeon (3/15)

Altars:
Gozag


Innate Abilities, Weirdness & Mutations

You are immune to sickness and miasma.
Your stone body is resilient. (AC +4)
You are immune to poison.
You resist negative energy. (rN+)
You are resistant to electric shocks. (rElec)
You are resistant to unholy torment.
You are immune to petrification.


Message History

You kill the orc!
You block the orc's attack.
You closely miss the orc. The orc hits you but does no damage.
You hit the orc but do no damage. The orc hits you but does no damage.
You sock the orc!
You kill the orc!
You barely miss the orc. The orc hits you but does no damage. x2
Unknown command.
You hit the orc but do no damage. The orc hits you with a +0 club.
You thump the orc!
You kill the orc!
You hit the orc priest but do no damage.
The orc priest hits you but does no damage. x2
You sock the orc priest!
The orc priest is heavily wounded.
The orc priest mumbles some strange prayers to Beogh against you.
Beogh smites you!
You hit the orc priest but do no damage.
The orc priest is heavily wounded.
The orc priest hits you but does no damage.
You sock the orc priest!
The orc priest is almost dead.
You block the orc priest's attack.
You barely miss the orc priest.
The orc priest is almost dead.
The orc priest hits you but does no damage.
The orc priest invokes the aid of Beogh against you.
Beogh smites you!
* * * LOW HITPOINT WARNING * * *
You barely miss the orc priest.
The orc priest is almost dead.
The orc priest hits you but does no damage.
You barely miss the orc priest.
The orc priest is almost dead.
The orc priest hits you but does no damage.
You hit the orc priest but do no damage.
The orc priest is almost dead.
The orc priest mumbles some strange prayers to Beogh against you.
Beogh smites you!
You die...

#.#####......# #.#
#......# ####.#
#.###..# .....#
##.###..#
###..####...##..##
##......_......#
####...##...####.#
.......###.## #.#
####...###.# #@#
.###.......# #o#
...........### #.#
##....###....##...
#..#...........#..
#.#................
...................
#.#.#...........##..
....#####..##.#..#


You could see an orc priest.

Vanquished Creatures
  2 orc wizards (D:3)
  Robin (D:2)
  2 adders (D:3)
  A dart slug (D:2)
  3 ribbon worms (D:2)
  4 orcs (D:3)
  4 ball pythons
  6 endoplasms
  7 giant cockroaches (D:1)
  11 goblins
  4 hobgoblins
  4 jackals
  2 quokkas (D:1)
  3 bats (D:2)
  6 frilled lizards
  2 kobolds
  7 rats
69 creatures vanquished.

Notes
Turn   | Place    | Note
-------+----------+-------------------------------------------
     0 | D:1      | Doomgape the Gargoyle Fighter began the quest for the Orb.
     0 | D:1      | Reached XP level 1. HP: 14/14 MP: 1/1
   239 | D:1      | Reached XP level 2. HP: 19/19 MP: 2/2
   425 | D:1      | Reached XP level 3. HP: 24/24 MP: 3/3
  1268 | D:2      | Noticed Robin
  1298 | D:2      | Killed Robin
  1410 | D:2      | Reached XP level 4. HP: 29/29 MP: 4/4
  1973 | D:3      | Reached XP level 5. HP: 25/34 MP: 5/5
  2180 | D:3      | Found an opulent altar of Gozag.
  2271 | D:3      | Killed from afar by an orc priest

Illustrated notes

Levels and vault maps discovered:
D:1:      matt_arrival_grand_opening, layout_basic, minmay_worlds_worst_comb
D:2:      layout_basic, st_stairs_6, uniq_robin
D:3:      layout_rooms, nicolae_kikubaaqudgha_miasma_corner,
          nicolae_overflow_crystal_walls, uniq_ijyb

Skill      XL: |  1  2  3  4 |
---------------+-------------+-----
Fighting       | 4 |  4.6
Armour         | 4 |  4.5
Maces & Flails | 3 |  3.4
Shields        | |  3.2

Action                     |  1- 3 |  4- 6 || total
---------------------------+-------+-------++-------
  Melee: Flail             |   107 |    93 ||   200
    Use: Scroll            |     5 |       ||     5
 Armour: Scale mail        |   116 |    16 ||   132
         Chain mail        |       |    39 ||    39
         Ice dragon scales |       |    12 ||    12
  Dodge: Dodged            |    68 |    27 ||    95
  Block: Buckler           |    29 |    19 ||    48
